 Dungeon Crawl Stone Soup version 0.28-a0-1485-g077359a4bf (webtiles) character file.

Game seed: 15105495506658298496

111906 Armakuni the Gelid (level 17, -6/119 HPs)
             Began as a Human Gladiator on Jan 8, 2022.
             Was a Priest of Elyvilon.
             Succumbed to a sea snake's poison
             ... on level 1 of the Snake Pit on Jan 11, 2022.
             The game lasted 01:30:44 (34125 turns).

Armakuni the Gelid (Human Gladiator)               Turns: 34125, Time: 01:30:44

Health: -6/119     AC: 16    Str: 17 (18) XL:     17   Next: 14%
Magic:  24/24      EV: 13    Int: 13      God:    Elyvilon [***...]
Gold:   1879       SH:  0    Dex: 15      Spells: 0/22 levels left

rFire   + . .      SeeInvis .   a - staff of cold
rCold   + + .      Faith    .   e - orb {*channel}
rNeg    + . .      Spirit   .   w - +2 acid dragon scales
rPois   .          Reflect  .   s - +0 helmet
rElec   +          Harm     .   O - scarf {rC+ rF+}
rCorr   +          Rampage  .   y - +0 pair of gloves
Will    ++++.                   g - +1 pair of boots of the Storm King {rElec Will+ Stlth+}
Stlth   ++........              R - amulet of regeneration
HPRegen 1.09/turn               N - ring of positive energy
MPRegen 0.19/turn               W - ring of willpower

@: lethally poisoned (-6 -> -41), studying Translocations
A: deterioration 1, strong-willed 1
a: Renounce Religion, Purification, Heal Other, Heal Self


You were on level 1 of the Snake Pit.
You worshipped Elyvilon.
Elyvilon was most pleased with you.
You visited 5 branches of the dungeon, and saw 25 of its levels.
You also visited: Bailey, Ice Cave and Volcano.

You collected 3256 gold pieces.
You spent 1377 gold pieces at shops.

Inventory:

Armour
 e - an orb of energy (worn)
 g - the +1 pair of boots of the Storm King (worn) {rElec Will+ Stlth+}
   (You found it on level 6 of the Dungeon)

   rElec:     It insulates you from electricity.
   Will:      It increases your willpower.
   Stlth:     It makes you more stealthy.
 s - a +0 helmet (worn)
 w - +2 acid dragon scales (worn)
 y - a +0 pair of gloves (worn)
 O - a scarf of resistance (worn)
Magical Staves
 a - a staff of cold (weapon)
 b - a staff of air
Jewellery
 N - a ring of positive energy (left hand)
 R - an amulet of regeneration (around neck)
 W - a ring of willpower (right hand)
Wands
 d - a wand of mindburst (22)
 k - a wand of digging (7)
 p - a wand of polymorph (33)
 v - a wand of flame (1)
Scrolls
 h - a scroll of holy word
 i - 11 scrolls of teleportation
 l - a scroll of brand weapon
 m - 3 scrolls of immolation
 n - 8 scrolls of magic mapping
 o - 9 scrolls of identify
 q - 4 scrolls of blinking
 u - 4 scrolls of amnesia
 D - 3 scrolls of noise
 F - a scroll of vulnerability
 G - 3 scrolls of fog
 L - 2 scrolls of torment
 P - 2 scrolls of summoning
 S - 2 scrolls of fear
Potions
 r - a potion of cancellation
 t - 3 potions of magic
 x - 2 potions of heal wounds
 C - a potion of lignification
 E - 3 potions of brilliance
 I - a potion of ambrosia
 J - a potion of resistance
 Q - 3 potions of curing


   Skills:
 - Level 6.9 Fighting
 - Level 7.0 Staves
 - Level 2.0 Throwing
 - Level 10.0 Armour
 - Level 5.0 Dodging
 - Level 3.0 Spellcasting
 + Level 4.9 Conjurations
 + Level 11.4 Translocations
 - Level 17.5 Ice Magic
 - Level 10.0 Air Magic
 - Level 10.0 Invocations
 - Level 10.0 Evocations


You couldn't memorise any spells.
You knew the following spells:

 Your Spells              Type           Power      Damage    Failure   Level
a - Apportation           Tloc           62%        N/A       1%          1
c - Freezing Cloud        Conj/Ice/Air   22%        6-21      10%         5
h - Hailstorm             Conj/Ice       47%        3d11      2%          4
m - Iskenderun's Mystic   Conj/Tloc      23%        2d6       10%         4
o - Teleport Other        Tloc           31%        N/A       1%          3
r - Frozen Ramparts       Ice            100%       1d12      1%          3
w - Wereblood             Tmut           2%         N/A       41%         2

Your spell library contained the following spells:

 Spells                   Type           Power      Damage    Failure   Level
 Freeze                   Ice            100%       1d11      1%          1
 Gell's Gravitas          Tloc           31%        N/A       1%          3
 Lesser Beckoning         Tloc           31%        N/A       1%          3
 Ice Form                 Ice/Tmut       37%        N/A       8%          4
 Foxfire                  Conj/Fire      32%        2x1d5     11%         1
 Mephitic Cloud           Conj/Pois/Air  14%        N/A       11%         3
 Animate Skeleton         Necr           4%         N/A       28%         1
 Pain                     Necr           8%         1d4       28%         1
 Summon Small Mammal      Summ           8%         N/A       28%         1
 Conjure Flame            Conj/Fire      8%         6-21      30%         3
 Dazzling Flash           Conj/Hex       16%        N/A       30%         3
 Lightning Bolt           Conj/Air       10%        1d23      36%         5
 Dispersal                Tloc           15%        N/A       38%         6
 Scorch                   Fire           4%         2d5       41%         2
 Sublimation of Blood     Necr           2%         N/A       41%         2
 Confusing Touch          Hex            2%         N/A       65%         3
 Ignite Poison            Fire/Tmut/Pois 2%         N/A       65%         3
 Inner Flame              Hex/Fire       2%         N/A       65%         3
 Vampiric Draining        Necr           2%         2d6       65%         3
 Flame Wave               Conj/Fire      8%         2d4       71%         4
 Simulacrum               Ice/Necr       18%        N/A       77%         6
 Agony                    Necr           2%         N/A       100%        5
 Alistair's Intoxication  Tmut/Pois      1%         N/A       100%        5
 Excruciating Wounds      Necr           1%         N/A       100%        5
 Yara's Violent Unravell  Hex/Tmut       1%         3d3       100%        5
 Starburst                Conj/Fire      4%         6d3       100%        6
 Summon Cactus Giant      Summ           1%         N/A       100%        6
 Enfeeble                 Hex            1%         N/A       100%        7
 Summon Hydra             Summ           1%         N/A       100%        7
 Polar Vortex             Ice            32%        N/A       100%        9


Dungeon Overview and Level Annotations

Branches:
Dungeon (15/15)            Temple (1/1) D:5            Lair (6/6) D:9
  Snake (1/4) Lair:2       Spider (0/4) Lair:2        Slime (0/5) Lair:6
    Orc (2/2) D:12            Elf (0/3) Orc:2        Vaults (0/5) D:13
 Depths (0/4) D:15         Bailey (visited)           IceCv (visited)
Volcano (visited)

Altars:
Ashenzari
Cheibriados
Dithmenos
Elyvilon
Fedhas
Gozag
Hepliaklqana
Kikubaaqudgha
Makhleb
Nemelex Xobeh
Okawaru
Qazlal
Ru
Sif Muna
Trog
Uskayaw
Vehumet
Wu Jian
Xom
Yredelemnul
Zin
The Shining One
Beogh

Shops:
D:6 *   D:15 :   Orc:1 ?   Orc:2 *[(!

Annotations:
Lair:5 2 transporters
Lair:6 exclusion: 2 oklob plants


Innate Abilities, Weirdness & Mutations

Your body sometimes deteriorates upon taking damage.
You are strong-willed. (Will+)


Message History

* * * LOW HITPOINT WARNING * * *
The sea snake hisses angrily.
You hit the anaconda. You freeze the anaconda!!
The anaconda is heavily wounded.
The anaconda bites you but does no damage.
The anaconda constricts you. The anaconda barely misses you.
The anaconda constricts you.
* * * LOW HITPOINT WARNING * * *
You hit the anaconda. You freeze the anaconda!
The anaconda seems to slow down.
The anaconda is severely wounded.
The anaconda bites you but does no damage.
The anaconda constricts you.
* * * LOW HITPOINT WARNING * * *
You hit the anaconda but do no damage. You freeze the anaconda.
The anaconda is severely wounded.
The anaconda completely misses you. The anaconda constricts you.
You hit the anaconda. You freeze the anaconda!
The anaconda is almost dead.
The anaconda bites you.
* * * LOW HITPOINT WARNING * * *
The anaconda constricts you.
You hit the anaconda but do no damage. You freeze the anaconda!!
You kill the anaconda!
You closely miss the sea snake. The sea snake barely misses you.
You miss the sea snake. The sea snake barely misses you.
You hit the sea snake. You freeze the sea snake!
The sea snake is lightly wounded.
The sea snake bites you!
* * * LOW HITPOINT WARNING * * *
You are lethally poisoned!
The sea snake poisons you!
You hit the sea snake. You freeze the sea snake!
The sea snake seems to slow down.
The sea snake is heavily wounded.
* * * LOW HITPOINT WARNING * * *
You feel extremely sick.
You hit the sea snake. You freeze the sea snake!!
The sea snake seems to slow down.
The sea snake is severely wounded.
You die...

.. ###.# ....
#.#†#
.....######..#
....#.....#.##
...#.........###
...............##
#...............##
.................#
#......@.........#
##.....S.........#
#..............##
...............##
...#.........###
.. ##.......## .
#...........#
......?......#
...............


You could see a sea snake (slow).

Vanquished Creatures
  A very ugly thing (D:15)
  Snorg (D:10)
  Harold (D:11)
  A fire dragon (Lair:6)
  4 boulder beetles
  An ice dragon (D:12)
  4 vault guards (D:13)
  2 ogre magi (Orc:2)
  3 centaur warriors
  11 hydras
  2 death knights
  3 anacondas (Snake:1)
  A dancing weapon (Volcano)
  3 tengu warriors (D:15)
  11 two-headed ogres
  4 skeletal warriors (D:15)
  A goliath frog (shapeshifter) (D:15)
  2 deep trolls (Orc:2)
  A glowing orange brain (D:15)
  2 bog bodies (IceCv)
  3 phantasmal warriors
  Pikel (D:4)
  A harpy (shapeshifter) (D:13)
  5 wizards (Volcano)
  A lindwurm (Lair:6)
  3 deep elf pyromancers
  4 oklob plants
  2 orc sorcerers
  15 ugly things
  3 manticores (D:13)
  8 cyclopes
  5 toenail golems (Volcano)
  A moth of wrath (shapeshifter) (D:13)
  8 black mambas
  An ice statue (IceCv)
  A black mamba (shapeshifter) (D:15)
  The ghost of Megustar the Firebug, a novice DEFE of Vehumet (D:6)
  9 elephants
  3 molten gargoyles (Lair:6)
  A torpor snail (Lair:3)
  15 cane toads
  Psyche (D:11)
  4 rime drakes
  A kobold demonologist (D:9)
  2 unseen horrors
  An efreet (D:14)
  A freezing wraith (D:14)
  A tengu conjurer (D:9)
  17 komodo dragons
  8 yaktaurs
  A tarantella (shapeshifter) (D:14)
  12 trolls
  A meliai (shapeshifter) (D:13)
  7 polar bears
  A hornet (Lair:4)
  7 slime creatures
  13 blink frogs
  2 dream sheep (Lair:3)
  A jumping spider (Lair:2)
  3 shadows
  A vampire (D:12)
  5 wraiths
  36 yaks
  3 wyverns
  Grum (D:11)
  16 basilisks
  3 steam dragons (D:9)
  8 vampire mosquitoes
  A death yak simulacrum (IceCv)
  2 redbacks (Lair:2)
  A redback (shapeshifter) (D:9)
  2 harpy simulacra (IceCv)
  2 acid dragons
  4 nagas
  A warg (D:6)
  Duvessa (D:6)
  3 hell hounds (Lair:6)
  24 water moccasins
  16 orc warriors
  A sky beast (D:6)
  19 ogres
  14 wolves
  A necrophage (D:5)
  17 centaurs
  A lemure (D:4)
  6 kobold brigands
  Blork the orc (D:6)
  10 bullfrogs
  5 scorpions
  3 two-headed ogre simulacra (IceCv)
  Dowan (D:6)
  3 killer bees (D:9)
  An elephant simulacrum (IceCv)
  4 howler monkeys (D:9)
  5 lava snakes (Lair:6)
  6 centaur zombies
  2 bullfrog zombies
  14 orc priests
  A centaur skeleton (D:6)
  4 hounds
  5 gnoll shamans
  4 iguanas
  Natasha (thrice) (D:4)
  23 orc wizards
  3 polar bear simulacra (IceCv)
  3 spriggan simulacra (IceCv)
  4 troll simulacra (IceCv)
  2 wolf simulacra (IceCv)
  A killer bee zombie (D:9)
  2 centaur simulacra
  A hound zombie (D:4)
  3 hound skeletons
  21 gnolls
  A howler monkey skeleton (D:5)
  7 adders
  A naga simulacrum (IceCv)
  7 white imps
  10 ufetubi
  An adder skeleton (D:5)
  2 worms (D:4)
  3 dart slugs
  55 orcs
  3 bats
  6 endoplasms
  4 giant cockroaches
  6 hobgoblins
  4 jackals (D:2)
  23 kobolds
  3 quokkas
  12 ball pythons
  3 frilled lizards
  2 goblins
  4 rats
  A bush (Lair:1)
716 creatures vanquished.

Vanquished Creatures (collateral kills)
  A cane toad simulacrum (IceCv)
  A spriggan simulacrum (IceCv)
  A white imp (IceCv)
3 creatures vanquished.

Vanquished Creatures (others)
  A freezing wraith (D:14)
  Sigmund (D:6)
  2 death yak simulacra (IceCv)
  An ogre (D:6)
  3 two-headed ogre simulacra (IceCv)
  An elephant simulacrum (IceCv)
  An orc wizard (D:9)
  A troll simulacrum (IceCv)
  2 spriggan simulacra (IceCv)
  An orc (Bailey)
  36 fungi
  61 plants
111 creatures vanquished.

Grand Total: 830 creatures vanquished

Notes
Turn   | Place    | Note
-------+----------+-------------------------------------------
     0 | D:1      | Armakuni the Human Gladiator began the quest for the Orb.
     0 | D:1      | Reached XP level 1. HP: 16/16 MP: 1/1
   170 | D:1      | Reached XP level 2. HP: 20/22 MP: 2/2
   194 | D:1      | Gained mutation: Your body sometimes deteriorates upon
                  | taking damage. [potion of mutation]
   194 | D:1      | Gained mutation: You are strong-willed. (Will+) [potion of
                  | mutation]
   195 | D:1      | Lost mutation: Your body sometimes deteriorates upon taking
                  | damage. [potion of mutation]
   195 | D:1      | Lost mutation: You are strong-willed. (Will+) [potion of
                  | mutation]
   195 | D:1      | Gained mutation: Your body sometimes deteriorates upon
                  | taking damage. [potion of mutation]
   195 | D:1      | Gained mutation: You have a pair of small antennae on your
                  | head. [potion of mutation]
   195 | D:1      | Gained mutation: You have a somewhat thin skeletal
                  | structure. (Dex +2, Stealth+) [potion of mutation]
   195 | D:1      | Gained mutation: You have hidden genetic potential. [potion
                  | of mutation]
   304 | D:1      | Reached XP level 3. HP: 15/28 MP: 3/3
   304 | D:1      | Found a faded altar of an unknown god.
   322 | D:1      | Gained mutation: You expend magic power (3 MP) to
                  | strengthen your wands. [hidden potential]
   359 | D:1      | HP: 1/28 [kobold (1)]
  1409 | D:2      | Reached XP level 4. HP: 34/35 MP: 4/4
  1415 | D:2      | Gained mutation: Your muscles are strong. (Str +2) [hidden
                  | potential]
  1415 | D:2      | Lost mutation: You have hidden genetic potential. [hidden
                  | potential expressed]
  2403 | D:3      | Found a shadowy altar of Dithmenos.
  2869 | D:4      | Reached XP level 5. HP: 33/42 MP: 5/5
  3348 | D:4      | Found a shimmering blue altar of Sif Muna.
  3446 | D:4      | Noticed a lemure
  3447 | D:4      | Noticed Pikel
  3447 | D:4      | Noticed a lemure
  3447 | D:4      | Noticed a lemure
  3447 | D:4      | Noticed a lemure
  3451 | D:4      | Killed a lemure
  3454 | D:4      | Killed Pikel
  3455 | D:4      | Reached skill level 5 in Fighting
  3455 | D:4      | Reached XP level 6. HP: 51/51 MP: 0/6
  3455 | D:4      | Reached XP level 7. HP: 56/56 MP: 0/7
  3493 | D:4      | Noticed Natasha
  3505 | D:4      | Killed Natasha
  3550 | D:4      | Noticed Natasha
  3560 | D:4      | Killed Natasha
  3561 | D:4      | Reached XP level 8. HP: 18/62 MP: 8/8
  3565 | D:4      | Noticed Natasha
  3573 | D:4      | Killed Natasha
  4141 | D:5      | Entered Level 5 of the Dungeon
  4182 | D:5      | Lost mutation: You have a pair of small antennae on your
                  | head. [potion of mutation]
  4182 | D:5      | Lost mutation: You expend magic power (3 MP) to strengthen
                  | your wands. [potion of mutation]
  4182 | D:5      | Lost mutation: You have a somewhat thin skeletal structure.
                  | (Dex +2, Stealth+) [potion of mutation]
  4182 | D:5      | Gained mutation: You have large cloven feet. [potion of
                  | mutation]
  4715 | D:5      | Reached skill level 1 in Ice Magic
  4715 | D:5      | Reached skill level 1 in Evocations
  5243 | D:5      | Reached skill level 2 in Ice Magic
  5585 | D:5      | Found a staircase to the Ecumenical Temple.
  5626 | Temple   | Entered the Ecumenical Temple
  5687 | Temple   | Became a worshipper of Elyvilon the Healer
  6044 | D:6      | Noticed Dowan
  6046 | D:6      | Noticed Duvessa
  6058 | D:6      | Killed Duvessa
  6059 | D:6      | Reached skill level 3 in Ice Magic
  6066 | D:6      | Killed Dowan
  6239 | D:6      | Reached XP level 9. HP: 59/68 MP: 9/9
  6254 | D:6      | Reached skill level 4 in Ice Magic
  6414 | D:6      | Found a runed translucent gate.
  6414 | D:6      | Noticed Megustar's ghost (novice DEFE)
  6415 | D:6      | Found a runed translucent gate.
  6416 | D:6      | Found a runed translucent gate.
  6491 | D:6      | Noticed Sigmund
  6493 | D:6      | Noticed Blork the orc
  6502 | D:6      | Killed Sigmund
  6503 | D:6      | Reached skill level 5 in Ice Magic
  6503 | D:6      | Reached skill level 5 in Evocations
  6505 | D:6      | HP: 2/68 [poisoned by a water moccasin]
  6513 | D:6      | Killed Blork the orc
  6847 | D:6      | Reached skill level 6 in Ice Magic
  7192 | D:6      | Found a glowing silver altar of Zin.
  7275 | D:6      | Found Zin's Purification Station.
  7275 | D:6      | Found a glowing silver altar of Zin.
  7417 | D:6      | Killed Megustar's ghost
  7418 | D:6      | Reached XP level 10. HP: 28/74 MP: 10/10
  7444 | D:6      | Elyvilon protects you from harm!
  7466 | D:6      | Reached skill level 7 in Ice Magic
  7825 | D:6      | Identified the +1 pair of boots of the Storm King {rElec
                  | Will+ Stlth+}
  7948 | D:7      | Learned a level 3 spell: Frozen Ramparts
  8046 | D:7      | Reached * piety under Elyvilon
  8195 | D:7      | Found a flagged portal.
  8202 | Bailey   | Entered a bailey
  8855 | D:7      | Reached skill level 8 in Ice Magic
  9147 | D:7      | Found a hide-covered altar of Uskayaw.
  9364 | D:7      | Found a bloodstained altar of Trog.
 10098 | D:8      | Noticed a centaur warrior
 10376 | D:8      | Reached ** piety under Elyvilon
 10628 | D:8      | Killed a centaur warrior
 10629 | D:8      | Reached skill level 9 in Ice Magic
 10815 | D:8      | Noticed a two-headed ogre
 10824 | D:8      | Killed a two-headed ogre
 10825 | D:8      | Reached XP level 11. HP: 28/79 MP: 11/11
 11270 | D:9      | Found a shimmering altar of Xom.
 11270 | D:9      | Found a shimmering altar of Xom.
 11270 | D:9      | Found a shimmering altar of Xom.
 11274 | D:9      | Found a shimmering altar of Xom.
 11704 | D:9      | Learned a level 1 spell: Apportation
 11707 | D:9      | Learned a level 2 spell: Wereblood
 11760 | D:9      | Reached skill level 10 in Ice Magic
 11764 | D:9      | Reached skill level 10 in Evocations
 11764 | D:9      | Reached skill level 1 in Invocations
 12403 | D:9      | Found a staircase to the Lair.
 12450 | D:9      | HP: 2/79 [shadow (6)]
 13036 | D:9      | Noticed a cyclops
 13039 | D:9      | Noticed an ice dragon
 13041 | D:9      | Found a shimmering altar of Xom.
 13041 | D:9      | Found a shimmering altar of Xom.
 13041 | D:9      | Found a shimmering altar of Xom.
 13047 | D:9      | Noticed a wolf spider
 13047 | D:9      | an ice dragon changed into a wolf spider
 13058 | D:9      | Noticed a boulder beetle
 13058 | D:9      | a wolf spider changed into a boulder beetle
 13123 | D:9      | Reached skill level 5 in Invocations
 13869 | Lair:1   | Entered Level 1 of the Lair of Beasts
 14115 | Lair:1   | Reached *** piety under Elyvilon
 14118 | Lair:1   | Noticed an oklob plant
 14362 | Lair:1   | Killed an oklob plant
 14575 | Lair:1   | Found a glowing golden altar of the Shining One.
 14618 | Lair:1   | Reached XP level 12. HP: 56/86 MP: 18/18
 15287 | Lair:1   | Noticed a five-headed hydra
 15295 | Lair:1   | Killed a five-headed hydra
 15311 | Lair:1   | Reached skill level 10 in Invocations
 15315 | Lair:1   | Reached skill level 1 in Spellcasting
 15665 | Lair:1   | Got the Volume of the Traveller and Battle Magic
 15690 | Lair:1   | Reached skill level 1 in Armour
 16139 | Lair:2   | Reached skill level 5 in Dodging
 16422 | Lair:2   | Reached skill level 11 in Ice Magic
 17132 | Lair:2   | HP: 2/86 [rime drake/flash freeze (10)]
 17560 | Lair:2   | Found a staircase to the Snake Pit.
 18251 | Lair:2   | Reached skill level 5 in Armour
 18295 | Lair:2   | Found a hole to the Spider Nest.
 18337 | Lair:2   | Reached XP level 13. HP: 77/91 MP: 11/20
 18526 | Lair:3   | Reached skill level 12 in Ice Magic
 19049 | Lair:3   | Reached **** piety under Elyvilon
 19162 | Lair:3   | Found a broken altar of Ashenzari.
 19547 | Lair:4   | Reached skill level 13 in Ice Magic
 19752 | Lair:4   | Found a dark tunnel.
 19762 | Volcano  | Entered a volcano
 20008 | Volcano  | Lost mutation: Your body sometimes deteriorates upon taking
                  | damage. [potion of mutation]
 20008 | Volcano  | Lost mutation: Your muscles are strong. (Str +2) [potion of
                  | mutation]
 20008 | Volcano  | Lost mutation: You have large cloven feet. [potion of
                  | mutation]
 20008 | Volcano  | Gained mutation: You have a pair of small antennae on your
                  | head. [potion of mutation]
 20008 | Volcano  | Gained mutation: You have large cloven feet. [potion of
                  | mutation]
 20616 | Lair:4   | Reached skill level 14 in Ice Magic
 20800 | Lair:4   | Lost mutation: You have large cloven feet. [potion of
                  | mutation]
 20800 | Lair:4   | Lost mutation: You have a pair of small antennae on your
                  | head. [potion of mutation]
 20800 | Lair:4   | Gained mutation: Your muscles are strong. (Str +2) [potion
                  | of mutation]
 20800 | Lair:4   | Gained mutation: Potions are less effective at restoring
                  | your health. [potion of mutation]
 20800 | Lair:4   | Gained mutation: You are strong-willed. (Will+) [potion of
                  | mutation]
 20800 | Lair:4   | Gained mutation: You have large cloven feet. [potion of
                  | mutation]
 21344 | Lair:5   | Reached XP level 14. HP: 95/98 MP: 18/21
 21722 | Lair:5   | Found a shimmering altar of Xom.
 21765 | Lair:5   | Reached ***** piety under Elyvilon
 21800 | Lair:5   | Found a transporter.
 21862 | Lair:5   | Found a burning altar of Makhleb.
 22345 | Lair:5   | Found a transporter.
 22614 | Lair:6   | Entered Level 6 of the Lair of Beasts
 22869 | Lair:6   | Reached skill level 15 in Ice Magic
 22953 | Lair:6   | Reached skill level 10 in Armour
 23325 | Lair:6   | Found a staircase to the Slime Pits.
 23559 | Lair:6   | Reached skill level 16 in Ice Magic
 23963 | Lair:6   | Found a large runed translucent door.
 23964 | Lair:6   | Found a large runed translucent door.
 24101 | Lair:6   | Reached XP level 15. HP: 70/103 MP: 22/22
 24106 | Lair:6   | Learned a level 4 spell: Hailstorm
 24449 | D:10     | Entered Level 10 of the Dungeon
 24663 | D:10     | Found an opulent altar of Gozag.
 24667 | D:10     | Found an iron altar of Okawaru.
 24667 | D:10     | Noticed Snorg
 24673 | D:10     | Killed Snorg
 24674 | D:10     | Reached skill level 17 in Ice Magic
 24731 | D:10     | Found a sparkling altar of Nemelex Xobeh.
 24734 | D:10     | Found a stormy altar of Qazlal.
 25170 | D:11     | Noticed Grum
 25181 | D:11     | Killed Grum
 25249 | D:11     | Noticed Harold
 25257 | D:11     | Killed Harold
 25471 | D:11     | Noticed Psyche
 25476 | D:11     | Killed Psyche
 25907 | D:12     | Found a frozen archway.
 25993 | IceCv    | Entered an ice cave
 27152 | D:12     | Found a staircase to the Orcish Mines.
 27185 | D:12     | Reached skill level 1 in Air Magic
 28227 | D:13     | Upgraded the game from 0.28-a0-1429-gf3d713df7a to
                  | 0.28-a0-1447-ga5a8893891
 28322 | D:13     | Found a gate to the Vaults.
 28348 | D:13     | Reached skill level 5 in Air Magic
 29039 | D:14     | Upgraded the game from 0.28-a0-1447-ga5a8893891 to
                  | 0.28-a0-1485-g077359a4bf
 29045 | D:14     | Learned a level 5 spell: Freezing Cloud
 29103 | D:14     | Found a sacrificial altar of Ru.
 29107 | D:14     | You fall into a shaft and drop 1 floor!
 29107 | D:15     | Entered Level 15 of the Dungeon
 29453 | D:14     | Reached XP level 16. HP: 94/113 MP: 17/23
 30340 | D:15     | Found Vehu's Book Shoppe.
 30345 | D:15     | Bought a manual of Translocations for 1200 gold pieces
 30356 | D:15     | Reached skill level 1 in Translocations
 31030 | D:15     | Reached skill level 10 in Air Magic
 31034 | D:15     | Identified the +8 trident "Zyzigh" {vorpal, Str+2}
 31053 | D:15     | Found a staircase to the Depths.
 31064 | D:15     | Reached skill level 5 in Translocations
 31386 | D:15     | Lost mutation: Potions are less effective at restoring your
                  | health. [potion of mutation]
 31386 | D:15     | Lost mutation: Your muscles are strong. (Str +2) [potion of
                  | mutation]
 31386 | D:15     | Lost mutation: You have large cloven feet. [potion of
                  | mutation]
 31386 | D:15     | Gained mutation: Your body sometimes deteriorates upon
                  | taking damage. [potion of mutation]
 31392 | D:15     | Learned a level 4 spell: Iskenderun's Mystic Blast
 31566 | D:15     | Found an opulent altar of Gozag.
 32274 | Orc:1    | Entered Level 1 of the Orcish Mines
 32439 | Orc:2    | Entered Level 2 of the Orcish Mines
 32499 | Orc:2    | Reached skill level 1 in Conjurations
 32645 | Orc:2    | Found Weafonuqa's Antique Armour Shop.
 32721 | Orc:2    | Reached skill level 10 in Translocations
 33001 | Orc:2    | Reached XP level 17. HP: 107/119 MP: 20/24
 33284 | Orc:2    | Found Lihio's Distillery.
 33289 | Orc:2    | Found Kevos's Assorted Antiques.
 33300 | Orc:2    | Found Yciv's Antique Weapon Boutique.
 33378 | Orc:2    | Found a radiant altar of Vehumet.
 33413 | Orc:2    | Found a staircase to the Elven Halls.
 33571 | Orc:1    | Found Mylecir's Magic Scroll Boutique.
 33582 | Orc:1    | Bought a scroll of immolation for 59 gold pieces
 33582 | Orc:1    | Bought a scroll of fear for 59 gold pieces
 33582 | Orc:1    | Bought a scroll of magic mapping for 59 gold pieces
 33703 | Orc:1    | Found an iron altar of Okawaru.
 33750 | Orc:2    | Learned a level 3 spell: Teleport Other
 33970 | Snake:1  | Entered Level 1 of the Snake Pit
 34124 | Snake:1  | HP: 2/119 [poisoned by a sea snake]
 34125 | Snake:1  | Succumbed to a sea snake's poison

Illustrated notes

Levels and vault maps discovered:
D:1:      tarquinn_simple_flora_water_f, layout_rooms,
          ebering_ecumenical_altar_abandoned
D:2:      kennysheep_big_flooded_room, layout_basic, grunt_decor_junction
D:3:      layout_loops_ring, grunt_dithmenos_smoke_and_mirrors,
          kennysheep_big_empty_room
D:4:      layout_basic, nicolae_sif_muna_condensation, minmay_diced_spiral,
          uniq_natasha, uniq_pikel
D:5:      cheibrodos_thug_alley, layout_basic, temple_statues,
          kennysheep_windowed_goal
D:6:      layout_basic, zin_purify, biasface_ghost_orc_armoury,
          kennysheep_flooded_box, uniq_blork_the_orc, uniq_sigmund, uniq_duvessa
D:7:      minmay_flawed_box, layout_loops_ring, trog_butcher_becter,
          eat_drink_and_be_merry_uskayaw, enter_bailey_2
D:8:      layout_rooms
D:9:      minmay_the_grid_3x3 [minmay_the_grid_minigrid_small_alt,
          minmay_the_grid_dragon_a, minmay_the_grid_tiny_cups,
          minmay_the_grid_small_cups, minmay_the_grid_dragon_b,
          minmay_the_grid_minigrid_small, minmay_the_grid_gridbox,
          minmay_the_grid_x, minmay_the_grid_prize_big_room],
          layout_irregular_city, xom_shifter_show
D:10:     layout_roguey, grunt_temple_overflow_open, uniq_snorg
D:11:     layout_gridville, uniq_harold, uniq_grum, uniq_psyche
D:12:     layout_layer_cave, orc_0_dummy,
          portal_ice_cave_entry_animals_and_master, hex_medium
D:13:     layout_loops_ring, lightli_vaults_fourway_checkpoint
D:14:     layout_loops_corners, dk_noncrumbling_4, nicolae_ru_awakened_eye
D:15:     gammafunk_enter_depths_forms, layout_layer_cave,
          nicolae_gozag_cash_rules_everything_around_me, serial_shops, shop
Temple:   minmay_temple_bridge_abc
Lair:1:   layout_loops_ring, basic_altar, minmay_lair_oklob_bushes,
          nzn_random_ring, lemuel_fruit_tree, serial_bayou_shore_a,
          infiniplex_staircase_pool_2
Lair:2:   layout_chaotic_city, minmay_snake_entry_guardpost_small,
          spider_nest_entry_a, nicolae_lair_grazing_beasts
          [nicolae_sub_lair_graze_edge, nicolae_sub_lair_graze_edge,
          nicolae_sub_lair_graze_edge, nicolae_sub_lair_graze_edge]
Lair:3:   layout_roguey, basic_altar
Lair:4:   layout_gridlike, lightli_volcano_entry_magma_tube,
          chequers_serial_rivers_marsh, columned_hall_lemuel,
          hangedman_lair_unloving_vines, kennysheep_basilisk_garden
Lair:5:   gammafunk_boulding_lane, layout_loops_ring, basic_altar,
          chequers_serial_rivers_micro_e, lemuel_centaur_altar
Lair:6:   cheibrodos_lair_end_hotspot, layout_regular_city,
          minmay_slime_entry_oklob_enclosed
Snake:1:  minmay_snake_river, layout_grid_shapes, grunt_ministairs_13,
          drop_trap, grunt_megastairs_5, minmay_shop_grove
Orc:1:    layout_caves, serial_shops, shop_statue, david_defended_altar_orc
Orc:2:    st_orc_open, layout_diamond_mine, basic_altar

Skill      XL: |  1  2  3  4  5  6  7  8  9 10 11 12 13 14 15 16 17 |
---------------+----------------------------------------------------+-----
Fighting       | 3 5 6 |  6.9
Staves         | 4 6 7 |  7.0
Dodging        | 4 5 |  5.0
Ice Magic      | 3 6 9 10 11 14 16 17 | 17.5
Evocations     | 3 6 9 10 | 10.0
Invocations    | 8 10 | 10.0
Spellcasting   | 1 3 |  3.0
Armour         | 5 8 10 | 10.0
Air Magic      | 8 10 | 10.0
Translocations | 10 11 | 11.4
Conjurations   | 3 4 |  4.9
Throwing       | |  2.0

Action                   |  1- 3 |  4- 6 |  7- 9 | 10-12 | 13-15 | 16-18 || total
-------------------------+-------+-------+-------+-------+-------+-------++-------
Melee: Quarterstaff      |    94 |    92 |   252 |    29 |    65 |       ||   532
       Kick              |       |       |    56 |     9 |       |       ||    65
       Staff             |       |       |       |   600 |   748 |   340 ||  1688
       Punch             |       |       |       |     5 |     2 |     2 ||     9
       Lajatang          |       |       |       |       |   108 |       ||   108
Throw: Throwing net      |     4 |       |     3 |     3 |       |     7 ||    17
       Boomerang         |       |       |     1 |       |       |       ||     1
       Dart              |       |       |       |       |       |     1 ||     1
 Cast: Frozen Ramparts   |       |       |       |    50 |    66 |    28 ||   144
       Freezing Cloud    |       |       |       |       |     2 |    11 ||    13
       Iskenderun's Myst |       |       |       |       |       |     2 ||     2
Invok: Purification      |       |       |       |     5 |    11 |     1 ||    17
       Heal Other        |       |       |       |     1 |       |     1 ||     2
       Heal Self         |       |       |       |     3 |    16 |    14 ||    33
Evoke: Wand              |       |     2 |    13 |    25 |    83 |     8 ||   131
  Use: Scroll            |     3 |     3 |     7 |     6 |    13 |     4 ||    36
       Potion            |     2 |       |     5 |     4 |     3 |     1 ||    15
 Stab: Sleeping          |     3 |     3 |     2 |     3 |     4 |     2 ||    17
       Held in net/web   |       |       |     1 |     1 |       |     3 ||     5
       Invisible         |       |       |     1 |       |       |       ||     1
       Paralysed         |       |       |       |     5 |       |       ||     5
       Distracted        |       |       |       |       |       |     1 ||     1
Armor: Leather armour    |    33 |    10 |    18 |       |       |       ||    61
       Scale mail        |       |       |    51 |       |       |       ||    51
       Acid dragon scale |       |       |     1 |   210 |    60 |    60 ||   331
       Ring mail         |       |       |       |       |   433 |    59 ||   492
Dodge: Dodged            |    87 |    69 |   162 |   369 |   561 |   197 ||  1445

Table legend: (Time is in decaauts)
 A = Elapsed time spent in this place.
 B = Non-inter-level travel time spent in this place.
 C = Inter-level travel time spent in this place.
 D = Time resting spent in this place.
 E = Time spent auto-exploring this place.
 F = Levels seen in this place.
 G = Mean time per level.
                   A        B        C        D        E       F      G
               +--------+--------+--------+--------+--------+-----+--------+
         Total |  34566 |  32970 |   1596 |  10815 |  14861 |  28 | 1234.5 |
       Dungeon |  20627 |  19583 |   1044 |   6141 |   9431 |  15 | 1375.1 |
        Temple |     82 |     62 |     20 |      0 |      0 |   1 |   82.0 |
          Lair |  10682 |  10248 |    434 |   3956 |   4206 |   6 | 1780.3 |
     Snake Pit |    150 |    150 |      0 |     52 |     27 |   1 |  150.0 |
  Orcish Mines |   1502 |   1405 |     97 |    200 |    737 |   2 |  751.0 |
        Bailey |     57 |     57 |      0 |      0 |      0 |   1 |   57.0 |
      Ice Cave |   1045 |   1045 |      0 |    397 |    286 |   1 | 1045.0 |
       Volcano |    418 |    418 |      0 |     67 |    173 |   1 |  418.0 |
               +--------+--------+--------+--------+--------+-----+--------+

Top non-repeatable levels by time:
     D:9: 2840 daAuts
  Lair:1: 2746 daAuts
  Lair:2: 2269 daAuts
     D:5: 2026 daAuts
     D:7: 1811 daAuts
  Lair:6: 1713 daAuts
     D:6: 1637 daAuts
    D:15: 1582 daAuts
  Lair:5: 1493 daAuts
     D:8: 1453 daAuts
    D:12: 1447 daAuts
  Lair:4: 1370 daAuts
     D:2: 1339 daAuts
    D:14: 1260 daAuts
     D:4: 1219 daAuts
